 Dungeon Crawl Stone Soup version 0.21.1-1-g345015f (webtiles) character file.

777 johnjohn the Chopper (level 7, -2/71 HPs)
             Began as a Troll Berserker on June 1, 2018.
             Was a Priest of Trog.
             Shot with an arrow by a centaur (4 damage)
             ... on level 5 of the Dungeon.
             The game lasted 00:13:38 (3602 turns).

johnjohn the Chopper (Troll Berserker)              Turns: 3602, Time: 00:13:38

Health: -2/71      AC:  5    Str: 26    XL:     7   Next: 54%
Magic:  6/6        EV:  8    Int:  4    God:    Trog [***...]
Gold:   238        SH:  7    Dex: 10    Spells: 6/6 levels left

rFire    x . .     SeeInvis .   a - +0 hand axe
rCold    + . .     Gourm    +   t - +0 shield (curse)
rNeg     . . .     Faith    .   b - +0 animal skin
rPois    .         Spirit   .   (helmet restricted)
rElec    .         Reflect  .   (no cloak)
rCorr    .         Harm     .   (gloves unavailable)
MR       .....                  (boots unavailable)
Stlth    +.........             (no amulet)
HPRegen  0.61/turn              i - ring of ice
MPRegen  0.10/turn              (no ring)

@: berserk cooldown, slowed, very slow
A: large, unfitting armour, claws 3, fast metabolism 3, gourmand, regeneration
1, shaggy fur 1, tough skin 2
a: Berserk, Trog's Hand, Burn Spellbooks, Renounce Religion


You were on level 5 of the Dungeon.
You worshipped Trog.
Trog was most pleased with you.
You were not hungry.

You visited 1 branch of the dungeon, and saw 5 of its levels.

You collected 238 gold pieces.

Inventory:

Hand Weapons
 a - a +0 hand axe (weapon)
 q - a cursed +0 hand axe
Armour
 b - a +0 animal skin (worn)
 t - a cursed +0 shield (worn)
Jewellery
 i - a ring of ice (left claw)
Wands
 v - a wand of random effects (27)
Scrolls
 e - 3 scrolls of remove curse {unknown}
 f - 5 scrolls of amnesia {unknown}
 g - 3 scrolls of identify {unknown}
 k - 3 scrolls of teleportation {unknown}
 m - 2 scrolls of fog {unknown}
 s - a scroll of immolation {unknown}
 u - a scroll of enchant weapon {unknown}
Potions
 d - 2 potions of degeneration {unknown}
 h - a potion of ambrosia {unknown}
 j - a potion of brilliance {unknown}
 l - 2 potions of might {unknown}
 n - 2 potions of curing {unknown}
 o - 2 potions of heal wounds {unknown}
 p - a potion of mutation {unknown}
 r - a potion of flight {unknown}
Comestibles
 c - 10 rations


   Skills:
 + Level 4.7 Fighting
 + Level 4.7 Axes
 + Level 4.7 Dodging


You had 6 spell levels left.
You didn't know any spells.

Dungeon Overview and Level Annotations

Branches:
Dungeon (5/15)
 Temple: D:4-7

Altars:

Annotations:
D:4 Eustachio


Innate Abilities, Weirdness & Mutations

You are too large for most types of armour.
You have claws for hands.
Your metabolism is lightning-fast.
You like to eat raw meat.
Your natural rate of healing is unusually fast.
You are covered in fur. (AC +1)
You have very tough skin. (AC +2)


Message History

You are no longer berserk.
You are exhausted.
You feel yourself slow down.
You start resting.
A centaur comes into view. It is wielding a quarterstaff.
The centaur shouts!
You hear an angry hiss.
The centaur unwields an uncursed quarterstaff.
The centaur wields a glowing shortbow.
It bursts into flame!
The centaur shoots an arrow.
The arrow hits you! The arrow burns you.
The centaur shoots an arrow.
The arrow hits you! The arrow burns you!
* * * LOW HITPOINT WARNING * * *
The centaur shoots an arrow.
The arrow hits you.
* * * LOW HITPOINT WARNING * * *
The arrow burns you.
* * * LOW HITPOINT WARNING * * *
You see here 2 arrows.
The centaur shoots an arrow.
The arrow hits you!
* * * LOW HITPOINT WARNING * * *
The arrow burns you.
You die...

.#...#
........
..#...#......#
...#...#....c#
........!...#
.......††...#
#.......#
#.......#
#.(.....#
#.@...>.#
#.......#
#.<.....#
#########


You could see a centaur.

Vanquished Creatures
  A yak (D:5)
  A phantom (D:4)
  The ghost of diana the Slasher, an amateur DsGl (D:4)
  A howler monkey (D:4)
  4 orc priests
  An iguana (D:5)
  4 worker ants
  A howler monkey zombie (D:5)
  4 adders
  An ooze (D:1)
  3 worms
  4 dart slugs
  4 leopard geckos
  14 orcs
  A ball python (D:2)
  6 giant cockroaches
  8 goblins
  3 hobgoblins
  19 jackals
  4 kobolds
  3 quokkas
  9 bats
  6 frilled lizards
  4 rats
107 creatures vanquished.

Notes
Turn   | Place    | Note
-------+----------+-------------------------------------------
     0 | D:1      | johnjohn the Troll Berserker began the quest for the Orb.
     0 | D:1      | Reached XP level 1. HP: 22/22 MP: 0/0
    93 | D:1      | Reached XP level 2. HP: 29/29 MP: 1/1
   381 | D:1      | Reached XP level 3. HP: 21/36 MP: 2/2
   502 | D:2      | Found a faded altar of an unknown god.
   549 | D:2      | Reached ** piety under Trog
   819 | D:2      | Reached XP level 4. HP: 29/45 MP: 3/3
  1152 | D:3      | Reached XP level 5. HP: 43/53 MP: 4/4
  1586 | D:3      | Reached *** piety under Trog
  2136 | D:4      | Got a faintly glowing leather armour
  2164 | D:4      | Noticed a phantom
  2227 | D:4      | Killed a phantom
  2227 | D:4      | Reached XP level 6. HP: 40/62 MP: 5/5
  2689 | D:4      | Noticed Eustachio
  2731 | D:4      | Noticed diana's ghost (amateur DsGl)
  2749 | D:4      | Killed diana's ghost
  3084 | D:4      | Reached XP level 7. HP: 70/70 MP: 6/6
  3548 | D:5      | Entered Level 5 of the Dungeon
  3557 | D:5      | Noticed a yak
  3572 | D:5      | Killed a yak
  3602 | D:5      | HP: 2/71 [centaur/arrow (10)]
  3602 | D:5      | Shot with an arrow by a centaur

Skill      XL: |  1  2  3  4  5  6 |
---------------+-------------------+-----
Axes           | 3 4 |  4.7
Fighting       | 3 4 |  4.7
Dodging        | 3 4 |  4.7

Action                   |  1- 3 |  4- 6 |  7- 9 || total
-------------------------+-------+-------+-------++-------
Melee: Hand axe          |   120 |   254 |    35 ||   409
Invok: Berserk           |       |     7 |     1 ||     8
  Eat: Chunk             |    11 |    23 |     5 ||    39
Armor: Animal skin       |    80 |    76 |    10 ||   166
Dodge: Dodged            |    81 |   129 |     8 ||   218
Block: Shield            |       |    37 |    15 ||    52
